 Dungeon Crawl Stone Soup version 0.15-a0-2305-gac22422 (webtiles) character file.

36366 catsarecewl the Unseen (level 13, 0/65 HPs)
             Began as a Spriggan Enchanter on July 28, 2014.
             Was the Champion of Dithmenos.
             Slain by a death yak (27 damage)
             ... on Level 8 of the Lair of Beasts.
             The game lasted 02:16:08 (20038 turns).

catsarecewl the Unseen (Spriggan Enchanter)        Turns: 20038, Time: 02:16:08

HP   0/65        AC  7     Str  4      XL: 13   Next: 52%
MP   8/32        EV 19     Int 21      God: Dithmenos [******]
Gold 1278        SH  0     Dex 17      Spells:  4 memorised, 17 levels left

rFire  . . .     SeeInvis +     s - +2 dagger (venom)
rCold  . . .     Clarity  .     S - +0 troll leather armour
rNeg   + . .     rCorr    .     (shield restricted)
rPois  +         rRot     .     (helmet restricted)
rElec  .         Spirit   .     (no cloak)
SustAb .         Warding  +     (gloves unavailable)
rMut   .         Stasis   .     (boots unavailable)
Gourm  .                        f - amulet of warding
MR     ++...                    i - +3 ring of slaying
                                K - +3 ring of protection

@: wreathed by umbra, very quick, very resistant to hostile enchantments,
extremely stealthy
A: unfitting armour, horns 1, see invisible, herbivore 3, speed 3, poison
resistance, slow metabolism 2
a: Shadow Step, Shadow Form, Renounce Religion


You were on level 8 of the Lair of Beasts.
You worshipped Dithmenos.
Dithmenos was exalted by your worship.
You were near starving.

You visited 3 branches of the dungeon, and saw 17 of its levels.
You also visited: Ossuary.

You collected 1278 gold pieces.

Inventory:

Hand weapons
 a - a cursed +0 blowgun
 s - a +2 dagger of venom (weapon)
Missiles
 n - 56 stones (quivered)
 t - 7 curare-tipped needles
Armour
 S - a +0 troll leather armour (worn)
Magical devices
 b - a wand of confusion (0)
 C - a wand of paralysis (5)
 D - a wand of lightning (4)
 I - a wand of slowing (13)
 X - a wand of disintegration (11)
Comestibles
 h - 19 fruits
 l - 4 bread rations
 F - a slice of pizza
Scrolls
 e - a scroll of identify
 m - 4 scrolls of enchant armour
 r - 5 scrolls of remove curse
 y - 3 scrolls of teleportation {unknown}
 A - 2 scrolls of immolation {unknown}
 B - 3 scrolls of recharging {unknown}
 G - 2 scrolls of enchant weapon {unknown}
 L - a scroll of random uselessness {unknown}
 M - a scroll of amnesia
 P - 3 scrolls of fear
 U - 2 scrolls of magic mapping
 V - a scroll of blinking
Jewellery
 f - an amulet of warding (around neck)
 i - a +3 ring of slaying (right hand)
 k - an uncursed ring of magical power
 x - an uncursed ring of sustain abilities
 K - a +3 ring of protection (left hand)
 T - an uncursed amulet of guardian spirit
 Y - an uncursed ring of protection from fire
Potions
 c - a potion of confusion {unknown}
 d - a potion of porridge
 g - 6 potions of curing
 j - 4 potions of heal wounds
 o - 5 potions of brilliance {unknown}
 p - a potion of degeneration {unknown}
 u - a potion of cure mutation {unknown}
 v - 4 potions of mutation {unknown}
 w - a potion of agility {unknown}
 z - a potion of magic
 E - a potion of flight {unknown}
 J - a potion of invisibility
 O - a potion of lignification {unknown}
 Q - a potion of resistance
 W - a potion of might
Books
 q - a book of the Dragon

   Spells                             Type                      Level
   Flight                             Charms/Air                   3
   Cause Fear                         Hexes                        4
   Bolt of Fire                       Conjuration/Fire             6
   Dragon Form                        Transmutation                7
   Dragon's Call                      Summoning                    9
 H - a Necronomicon {highlevel, unknown}

   This book is beyond your current level of understanding.

   Spells                             Type                      Level
   Haunt                              Necromancy/Summoning         7
   Borgnjor's Revivification          Necromancy                   8
   Death's Door                       Charms/Necromancy            8
   Necromutation                      Transmutation/Necromancy     8
Magical staves
 N - an uncursed staff of cold {unknown}
Rods
 R - a +0 rod of striking (11/11)
   (You found it on level 3 of the Lair of Beasts)


   Skills:
 + Level 6.2 Fighting
 - Level 10.1 Short Blades
 + Level 11.6 Dodging
 * Level 16.5 Stealth
 - Level 8.2 Spellcasting
 - Level 1.6 Conjurations
 - Level 14.6 Hexes
 * Level 5.4 Poison Magic


You had 17 spell levels left.
You knew the following spells:

 Your Spells              Type           Power        Failure   Level  Hunger
a - Confuse               Hex            ######..     1%          3    None
b - Ensorcelled Hibernat  Hex/Ice        #####.       1%          2    None
c - Dazzling Spray        Conj/Hex       #####...     1%          3    None
d - Mephitic Cloud        Conj/Pois/Air  ###.....     12%         3    None


Dungeon Overview and Level Annotations

Branches:
Dungeon (8/15)             Temple (1/1) D:4            Lair (8/8) D:8
  Swamp (0/5) Lair:4       Spider (0/5) Lair:5        Slime (0/6) Lair:7

Altars:
Ashenzari
Cheibriados
Dithmenos
Elyvilon
Gozag
Kikubaaqudgha
Nemelex Xobeh
Sif Muna
Trog
Vehumet
Xom
Yredelemnul

Shops:
D:4 :

Annotations:
D:2 exclusion: downstairs
Lair:4 exclusion: 2 oklob plants


Innate Abilities, Weirdness & Mutations

You are tiny and cannot use many weapons and most armour.
You have supernaturally acute eyesight.
You are a herbivore.
You cover ground extremely quickly.
You need consume almost no food.
You have a pair of small horns on your head.
Your system is resistant to poisons.


Message History

The spray of energy hits the death yak.
The death yak is lightly wounded.
The spray of energy hits the fungus.
The fungus is moderately damaged.
The death yak is no longer blind.
Casting: Dazzling Spray
Confirm with . or Enter, or press ? or * to list all spells.
Aiming: Dazzling Spray
Press: ? - help, Shift-Dir - straight line, f/p - death yak
Aim: a death yak (almost dead, hasn't noticed you, umbra)
The spray of energy hits the death yak.
The death yak is lightly wounded.
The death yak is dazzled.
The spray of energy hits the fungus.
The fungus is heavily damaged.
Your shadow mimicks your spell!
The shadow shard hits the death yak.
You hit the death yak.
The death yak is poisoned.
The death yak is moderately wounded.
The death yak gores you!!
You die...

#P.♣P♣ #...P#### ♣.♣.♣
##...PP.#
.####.P############......##
..............#..#........#
....#.........Y......PP.P.#
..###.§§§...............P###
P #.§§...................#
#...##..P...Y.P......P##
########....@.........##
#.....#..........#
###.............## .##
##.............# .P..####
#..............#
...#.#≈###..............#
.P≈.....P.#P..........###.
...≈...≈≈........P....#.#
≈.....≈≈..<.......P...###


You could see 2 death yaks.

Vanquished Creatures
  A hydra (Lair:6)
  A death yak (Lair:8)
  A griffon (Lair:1)
  9 black mambas
  8 elephants
  13 spiny frogs
  An eye of devastation (Lair:7)
  10 komodo dragons
  A fire drake (Lair:3)
  Grinder (D:5)
  A polar bear (Lair:5)
  Prince Ribbit (D:7)
  The ghost of fransbal the Gusty, an average DgAE (Ossuary)
  2 giant leeches (Lair:4)
  7 blink frogs
  A wyvern (Lair:6)
  44 yaks
  Eustachio (D:6)
  A swamp worm (Lair:4)
  6 hippogriffs
  22 wolves
  2 vampire mosquitoes (Lair:7)
  10 water moccasins
  16 porcupines
  An orc warrior (D:3)
  3 sky beasts
  3 ice beasts
  An ogre (D:4)
  2 phantoms
  3 centaurs
  8 spiders (Lair:5)
  Sigmund (D:2)
  10 big kobolds
  12 crocodiles
  2 elf zombies (Ossuary)
  17 giant frogs
  4 scorpions
  An eye of draining (Lair:7)
  A cyclops skeleton (D:8)
  4 electric eels
  5 killer bees (D:8)
  A crimson imp (D:8)
  A goliath beetle (D:8)
  A giant frog skeleton (D:7)
  5 orc priests
  A human zombie (Ossuary)
  4 jellies
  5 hounds
  7 orange rats (Lair:3)
  4 orc wizards
  A gnoll shaman (D:7)
  6 iguanas
  4 worker ants
  A big kobold zombie (Ossuary)
  18 sheep
  4 hound zombies (Ossuary)
  3 mummies (Ossuary)
  17 adders
  14 gnolls
  28 green rats
  3 worms (D:2)
  3 giant mites
  An adder skeleton (D:5)
  5 adder zombies (Ossuary)
  7 oozes
  26 orcs
  4 ball pythons
  A bat skeleton (D:5)
  5 giant cockroaches
  3 gnoll zombies (Ossuary)
  10 hobgoblins
  6 jackals (D:1)
  51 kobolds
  10 quokkas
  12 bats
  5 giant geckos
  5 giant newts
  8 goblins
  A goblin skeleton (D:5)
  5 goblin zombies (Ossuary)
  3 hobgoblin zombies (Ossuary)
  A jackal zombie (Ossuary)
  2 kobold zombies (Ossuary)
  2 orc skeletons
  2 orc zombies
  3 quokka zombies (Ossuary)
  16 rats
  5 rat zombies
  A butterfly (Lair:1)
  A fungus (Lair:7)
571 creatures vanquished.

Notes
Turn   | Place    | Note
--------------------------------------------------------------
     0 | D:1      | catsarecewl, the Spriggan Enchanter, began the quest for the Orb.
     0 | D:1      | Reached XP level 1. HP: 9/9 MP: 4/4
   140 | D:1      | Found a shattered altar of Ashenzari.
   228 | D:1      | Reached XP level 2. HP: 10/13 MP: 7/7
   240 | D:1      | Learned a level 2 spell: Ensorcelled Hibernation
   473 | D:2      | Reached skill level 5 in Stealth
   545 | D:2      | Noticed Sigmund
   718 | D:1      | Reached XP level 3. HP: 16/16 MP: 6/9
   875 | D:2      | Learned a level 3 spell: Dazzling Spray
  1541 | D:2      | Reached XP level 4. HP: 14/21 MP: 4/12
  1915 | D:2      | Reached skill level 6 in Stealth
  2359 | D:2      | Killed Sigmund
  2359 | D:2      | Reached XP level 5. HP: 24/24 MP: 11/15
  2542 | D:3      | Found a shimmering altar of Xom.
  2806 | D:3      | Reached skill level 7 in Stealth
  2806 | D:3      | Reached XP level 6. HP: 28/28 MP: 12/17
  3047 | D:3      | Noticed an orc warrior
  3072 | D:3      | Killed an orc warrior
  3473 | D:3      | Reached skill level 5 in Short Blades
  3473 | D:3      | Reached skill level 8 in Stealth
  3691 | D:3      | Reached skill level 5 in Hexes
  3868 | D:3      | Found a bloodstained altar of Trog.
  4009 | D:3      | Reached XP level 7. HP: 30/32 MP: 12/19
  4313 | D:4      | Found a staircase to the Ecumenical Temple.
  4319 | Temple   | Entered the Ecumenical Temple
  4465 | Temple   | Became a worshipper of Dithmenos the Shadowed
  4698 | D:4      | Found Leddo's Book Shoppe.
  4987 | D:4      | Reached skill level 9 in Stealth
  5492 | D:4      | Reached skill level 5 in Dodging
  5492 | D:4      | Reached XP level 8. HP: 20/36 MP: 9/20
  5777 | D:4      | Reached skill level 10 in Stealth
  5982 | D:4      | Acquired Dithmenos' first power
  6260 | D:5      | Entered Level 5 of the Dungeon
  6625 | D:5      | Noticed Grinder
  6641 | D:5      | Paralysed by Grinder for 3 turns
  6649 | D:5      | Killed Grinder
  7397 | D:6      | Found a sparkling altar of Nemelex Xobeh.
  7514 | D:6      | Reached XP level 9. HP: 19/39 MP: 22/23
  7793 | D:6      | Found a sparkling altar of Nemelex Xobeh.
  8011 | D:6      | Reached skill level 11 in Stealth
  8256 | D:6      | Noticed Eustachio
  8268 | D:6      | Killed Eustachio
  8489 | D:7      | Noticed Prince Ribbit
  8502 | D:7      | Killed Prince Ribbit
  8836 | D:7      | Reached skill level 5 in Spellcasting
  9434 | D:8      | Found a sand-covered staircase.
  9453 | Ossuary  | Entered an ossuary
  9480 | Ossuary  | Noticed fransbal's ghost (average DgAE)
  9480 | Ossuary  | Acquired Dithmenos' second power
  9914 | Ossuary  | Acquired Dithmenos' third power
  9985 | Ossuary  | Killed fransbal's ghost
 10064 | D:8      | Found a sparkling altar of Nemelex Xobeh.
 10108 | D:8      | Reached skill level 10 in Hexes
 10108 | D:8      | Reached XP level 10. HP: 29/44 MP: 27/27
 10357 | D:8      | Found a staircase to the Lair.
 10359 | D:8      | Noticed a komodo dragon
 10660 | D:8      | Reached skill level 12 in Stealth
 11003 | D:8      | Killed a komodo dragon
 11007 | Lair:1   | Entered Level 1 of the Lair of Beasts
 11199 | Lair:1   | Learned a level 3 spell: Confuse
 11285 | Lair:1   | Reached skill level 10 in Short Blades
 11510 | Lair:1   | Reached skill level 1 in Fighting
 11563 | Lair:1   | Reached XP level 11. HP: 35/49 MP: 13/29
 11582 | Lair:1   | Noticed a griffon
 11696 | Lair:1   | Killed a griffon
 11696 | Lair:1   | Reached skill level 13 in Stealth
 11700 | Lair:1   | Acquired Dithmenos' fourth power
 12034 | Lair:1   | Got a crystal hand axe
 12035 | Lair:1   | Identified the +7 hand axe "Pafoim" {pain, SInv} (You found it on level 1 of the Lair of Beasts)
 12127 | Lair:1   | HP: 1/51 [yak (16)]
 12436 | Lair:1   | Found an ancient bone altar of Kikubaaqudgha.
 13840 | Lair:3   | Reached skill level 14 in Stealth
 14149 | Lair:3   | Reached XP level 12. HP: 41/57 MP: 8/32
 15435 | Lair:4   | Found a staircase to the Swamp.
 15794 | Lair:4   | Gained mutation: Your system is resistant to poisons. [potion of beneficial mutation]
 15795 | Lair:4   | Gained mutation: You have a pair of small horns on your head. [potion of beneficial mutation]
 15802 | Lair:4   | Learned a level 3 spell: Mephitic Cloud
 15999 | Lair:5   | Reached skill level 1 in Conjurations
 16002 | Lair:4   | Reached skill level 10 in Dodging
 16420 | Lair:5   | Found a hole to the Spider Nest.
 16435 | Lair:5   | Reached skill level 15 in Stealth
 16600 | Lair:5   | Reached skill level 5 in Fighting
 16847 | Lair:5   | Reached skill level 1 in Poison Magic
 17183 | Lair:6   | Reached XP level 13. HP: 55/64 MP: 9/32
 17420 | Lair:6   | Noticed a six-headed hydra
 17427 | Lair:6   | Killed a six-headed hydra
 18815 | Lair:7   | Found a staircase to the Slime Pits.
 19004 | Lair:7   | Reached skill level 16 in Stealth
 19758 | Lair:8   | Entered Level 8 of the Lair of Beasts
 19766 | Lair:8   | Reached skill level 5 in Poison Magic
 20038 | Lair:8   | Slain by a death yak

Action                   |  1- 3 |  4- 6 |  7- 9 | 10-12 | 13-15 || total
-------------------------+-------+-------+-------+-------+-------++-------
Melee: Dagger            |   102 |   114 |   504 |   442 |   162 ||  1324
Throw: Stone             |       |     1 |     3 |     3 |       ||     7
 Cast: Ensorcelled Hiber |     9 |    27 |    29 |   104 |    22 ||   191
       Dazzling Spray    |     1 |     8 |    23 |   121 |    56 ||   209
       Corona            |       |       |     1 |       |       ||     1
       Confuse           |       |       |       |       |     1 ||     1
Invok: Shadow Step       |       |       |       |     3 |       ||     3
Evoke: Wand              |       |       |       |     5 |     3 ||     8
  Use: Scroll            |     5 |     2 |     3 |     7 |     6 ||    23
       Potion            |       |       |       |     2 |       ||     2
 Stab: Sleeping          |    11 |    21 |    54 |   105 |    28 ||   219
       Distracted        |       |     3 |     3 |     3 |       ||     9
       Invisible         |       |     3 |    10 |    32 |    19 ||    64
  Eat: Pizza             |       |     1 |       |     2 |     1 ||     4
       Fruit             |       |     2 |     2 |       |     1 ||     5
       Bread ration      |       |       |     1 |     1 |       ||     2
